 Dungeon Crawl Stone Soup version bcrawl-1.13.5 (webtiles) character file.

Game seed: 6086452266769694662

53 Felnil the Skirmisher (level 3, -2/24 HPs)
             Began as a Skeleton Fighter on Aug 20, 2019.
             Slain by an orc wizard
             ... wielding a +4 dagger
              (3 damage)
             ... on level 2 of the Dungeon.
             The game lasted 00:02:11 (965 turns).

Felnil the Skirmisher (Skeleton Fighter)             Turns: 965, Time: 00:02:11

Health: -2/24      AC:  8    Str: 22 (23) XL:     3   Next: 62%
Magic:  0/3        EV:  8    Int:  6      God:
Gold:   29         SH:  9    Dex:  7 (8)  Spells: 2/2 levels left

rFire    . . .     SeeInvis .   a - +0 war axe
rCold    + . .     Gourm    .   c - +0 shield
rNeg     + + +     Faith    .   b - +0 scale mail
rPois    ∞         Spirit   +   (no helmet)
rElec    .         Reflect  .   (no cloak)
rCorr    .         Harm     .   (no gloves)
MR       .....                  f - +0 pair of boots
Stlth    ..........             (no amulet)
HPRegen  0.08/turn              (no ring)
MPRegen  0.08/turn              (no ring)

@: no status effects
A: no food or potions, cold resistance 1, deterioration 1, negative energy
resistance 3, torment resistance, unbreathing, magic shield, sturdy frame 1,
spell healing
a: no special abilities


You were on level 2 of the Dungeon.
You were not hungry.

You visited 1 branch of the dungeon, and saw 2 of its levels.

You collected 29 gold pieces.

Inventory:

Hand Weapons
 a - a +0 war axe (weapon)
Armour
 b - a +0 scale mail (worn)
 c - a +0 shield (worn)
 f - a +0 pair of boots (worn)
Scrolls
 d - a scroll of identify {unknown}
 e - 2 scrolls of blinking {unknown}
 g - a scroll of teleportation {unknown}


   Skills:
 + Level 4.7 Fighting
 - Level 2.4 Axes
 - Level 3.2 Armour
 - Level 3.6 Shields


You had 2 spell levels left.
You didn't know any spells.
Your spell library was empty.

Dungeon Overview and Level Annotations

Branches:
Dungeon (2/12)

Altars:


Innate Abilities, Weirdness & Mutations

You do not eat or drink.
You are immune to poison.
Your flesh is cold resistant. (rC+)
Your body sometimes deteriorates upon taking damage.
You are immune to negative energy. (rN+++)
You are immune to unholy pain and torment.
You can survive without breathing.
When hurt, damage is shared between your health and your magic reserves.
Your movements are slightly less encumbered by armour. (ER -2)
Casting spells heals you.


Message History

You miss something. Something hits you. x2
Your shield prevents you from hitting something.
Something hits you but does no damage.
You miss something. Something hits you but does no damage.
You block something's attack.
You closely miss something. Something hits you.
You hit something. You block something's attack.
Something hits you but does no damage.
You closely miss something. Something hits you.
Your body deteriorates!
You feel weakened.
You barely miss something. You block something's attack.
You barely miss something. Something hits you.
Something hits you but does no damage.
You miss something. Something hits you.
* * * LOW HITPOINT WARNING * * *
Something hits you.
* * * LOW HITPOINT WARNING * * *
Your body deteriorates!
You feel clumsy.
You miss something. Something hits you.
You die...

.#......####.#
.#####..####.#
#.... <.. ##
#..##.#.# ..... ...
#..#.#..# #... ...#
#...###.# #.)#....#
#....#..# #..#....#
#####.#.# #......?#
#.#.#######o†..8...
#...†..@{rgoo.≈≈≈..
#.....######).≈≈≈..
#.#.#.# ..≈≈≈..
#...... ..≈≈≈..
#.#.#.## .......
#.....# #.....#
###.... ....##
##### #####


You could see 3 orcs, a quokka and a hobgoblin.

Vanquished Creatures
  A dart slug (D:2)
  5 leopard geckos
  An orc (D:2)
  6 giant cockroaches
  2 hobgoblins (D:1)
  7 jackals
  3 bats (D:1)
  2 frilled lizards (D:1)
  5 goblins (D:1)
  A kobold (D:1)
  7 rats
40 creatures vanquished.

Notes
Turn   | Place    | Note
-------+----------+-------------------------------------------
     0 | D:1      | Felnil the Skeleton Fighter began the quest for the Orb.
     0 | D:1      | Reached XP level 1. HP: 14/14 MP: 1/1
   301 | D:1      | Reached XP level 2. HP: 15/19 MP: 2/2
   418 | D:1      | Reached skill level 4 in Fighting
   552 | D:1      | Reached XP level 3. HP: 24/24 MP: 3/3
   964 | D:2      | HP: 1/24 [something (4)]
   965 | D:2      | Slain by an orc wizard

Skill      XL: |  1  2 |
---------------+-------+-----
Fighting       | 4 |  4.7
Axes           | |  2.4
Armour         | |  3.2
Shields        | |  3.6

Action                   || total
-------------------------++-------
Melee: War axe           ||   122
Armor: Scale mail        ||    75
Dodge: Dodged            ||    54
Block: Shield            ||    55
